 Dungeon Crawl Stone Soup version 0.21-a0-270-g8204059 (webtiles) character file.

241 motkurip the Insei (level 5, -4/43 HPs)
             Began as a Demonspawn Monk on Sept 14, 2017.
             Slain by an ogre
             ... wielding a +0 giant club
              (23 damage)
             ... on level 3 of the Dungeon.
             The game lasted 00:03:52 (863 turns).

motkurip the Insei (Demonspawn Monk)                 Turns: 863, Time: 00:03:53

Health: -4/43      AC:  7    Str: 12    XL:     5   Next: 80%
Magic:  5/5        EV: 12    Int: 12    God:
Gold:   150        SH:  0    Dex: 15    Spells: 4/4 levels left

rFire    . . .     SeeInvis .     - Unarmed
rCold    . . .     Gourm    .   (no shield)
rNeg     . . .     Faith    .   d - +0 ring mail
rPois    +         Spirit   .   n - +1 helmet
rElec    .         Reflect  .   (no cloak)
rCorr    .         Harm     .   (no gloves)
MR       .....                  (no boots)
Stlth    +.........             (no amulet)
HPRegen  0.14/turn              e - ring of poison resistance
MPRegen  0.09/turn              (no ring)

@: no status effects
A: powered by death 1
a: no special abilities


You were on level 3 of the Dungeon.
You were not hungry.

You visited 1 branch of the dungeon, and saw 3 of its levels.

You collected 150 gold pieces.

Inventory:

Missiles
 h - 6 exploding tomahawks (quivered)
Armour
 d - a +0 ring mail (worn)
 i - a +1 robe of cold resistance
 m - a +0 buckler
 n - a +1 helmet (worn)
Jewellery
 e - a ring of poison resistance (left hand)
Scrolls
 c - 2 scrolls of teleportation {unknown}
 g - a scroll of magic mapping {unknown}
 j - a scroll of identify {unknown}
 k - 3 scrolls of enchant weapon {unknown}
 l - a scroll of enchant armour {unknown}
Comestibles
 a - a fruit
 b - a bread ration
 f - 2 meat rations


   Skills:
 + Level 4.3 Fighting
 + Level 0.1 Armour
 - Level 3.6 Dodging
 - Level 1.7 Stealth
 * Level 4.5 Unarmed Combat


You had 4 spell levels left.
You didn't know any spells.

Dungeon Overview and Level Annotations

Branches:
Dungeon (2/15)

Altars:
Xom


Innate Abilities, Weirdness & Mutations

You regenerate a little health from kills.


Message History

The ogre is lightly wounded.
The ogre hits you with a giant club.
* * * LOW HITPOINT WARNING * * *
A goblin comes into view.
You aren't carrying any items that you can evoke.
Unknown command.
Okay, then.
You aren't carrying any potions.
Unknown command.
You see here a dagger.
Things that are here:
a hunting sling; 16 stones; a goblin corpse
Items here: )) †††† You see here a stone.
Items here: ( )) † an uncursed dagger; an uncursed hunting sling; 13 stones; a goblin corpse
There is an escape hatch in the floor here.
The ogre hits you with a giant club!!
Ouch! That really hurt!
You die...

#.##.##.#
#.##.##.#
#.#...#.#
#.......#
#.#...#.#
#.......#
####...####
+.....).#
####@..##
##O## #.#
#.# #+#
#.## #.#
#..# #.#
##g# ####
##.## #.#
#...##...##
#)#


You could see an ogre and a goblin.

Vanquished Creatures
  Sigmund (D:2)
  Robin (D:3)
  2 adders
  2 dart slugs (D:2)
  A leopard gecko (D:1)
  4 giant cockroaches
  12 goblins
  9 hobgoblins
  3 bats (D:1)
  2 frilled lizards
  2 kobolds
  4 rats
43 creatures vanquished.

Notes
Turn   | Place    | Note
-------+----------+-------------------------------------------
     0 | D:1      | motkurip the Demonspawn Monk began the quest for the Orb.
     0 | D:1      | Reached XP level 1. HP: 18/18 MP: 1/1
     6 | D:1      | Noticed an iguana
     6 | D:1      | Noticed a hound
     6 | D:1      | Noticed a black mamba
     6 | D:1      | Noticed a wyvern
     6 | D:1      | Noticed a swamp worm
   135 | D:1      | Gained mutation: You regenerate a little health from kills. [demonic ancestry]
   135 | D:1      | Reached XP level 2. HP: 9/24 MP: 2/2
   293 | D:2      | Noticed Sigmund
   301 | D:2      | Killed Sigmund
   301 | D:2      | Reached XP level 3. HP: 27/30 MP: 3/3
   301 | D:2      | Reached XP level 4. HP: 33/37 MP: 4/4
   301 | D:2      | Reached XP level 5. HP: 38/42 MP: 5/5
   590 | D:2      | Found a shimmering altar of Xom.
   603 | D:2      | Found a shimmering altar of Xom.
   605 | D:2      | Found a shimmering altar of Xom.
   606 | D:2      | Found a shimmering altar of Xom.
   608 | D:2      | You fall through a shaft!
   641 | D:3      | Noticed Robin
   700 | D:3      | Killed Robin
   798 | D:3      | Noticed an ogre
   863 | D:3      | Slain by an ogre

Vault maps used:
D:1:      onia_arrival_zoo_common
D:2:      xom_redecorated, uniq_sigmund
D:3:      uniq_ijyb, uniq_natasha, uniq_jessica, uniq_robin

Skill      XL: |  1  2 |
---------------+-------+-----
Fighting       | 4 |  4.3
Dodging        | 3 |  3.6
Unarmed Combat | 4 |  4.5
Armour         | |  0.1
Stealth        | |  1.7

Action                   |  1- 3 |  4- 6 || total
-------------------------+-------+-------++-------
Melee: Unarmed           |    72 |   115 ||   187
       Punch             |     1 |     1 ||     2
  Use: Potion            |     2 |       ||     2
 Stab: Sleeping          |     2 |       ||     2
Armor: Ring mail         |    29 |    35 ||    64
       Robe              |     2 |       ||     2
Dodge: Dodged            |    65 |    48 ||   113

Table legend:
 A = Spawn XP
 B = Non-spawn XP
 C = Spawn XP percentage of total XP
 D = Spawn monster count
 E = Non-spawn monster count
 F = Spawn count percentage of total count
 G = Total turns spent on level
                    A         B        C        D         E        F      G
               +---------+---------+-------+---------+---------+-------+---------
         Total |       0 |     345 |   0.0 |       0 |      43 |   0.0 |   863
               +---------+---------+-------+---------+---------+-------+---------
           D:1 |       0 |      24 |   0.0 |       0 |      15 |   0.0 |   282
           D:2 |       0 |     269 |   0.0 |       0 |      14 |   0.0 |   326
           D:3 |       0 |      52 |   0.0 |       0 |      14 |   0.0 |   255
               +---------+---------+-------+---------+---------+-------+---------
